Map: Cactus Valley LE (Void)

Players

Purce - Winner!

  • Race: Zerg Zerg
  • League: Master
  • Spawn Location: 11:00

Railgan

  • Race: Terran Terran
  • League: Grandmaster
  • Spawn Location: 1:00

VOD

Have the link to the VOD?

Description

Time

  • Played on: March 4, 2017, 10:02 a.m.
  • Length: 8:50
Show
View Real Time Build Order
Export as new Build Order

Purce Zerg - Winner!

Build Orders: Hatch First 

Get SALT Encoding   

  12  0:00  Drone  
  13  0:13  Overlord  
  13  0:17  Drone  
  14  0:31  Drone  
  14  0:32  Drone  
  16  0:35  Drone  
  17  0:53  Hatchery  
  17  0:54  Drone  
  17  0:58  Drone  
  17  1:01  Extractor  
  17  1:14  Spawning Pool  
  17  1:16  Drone  
  17  1:19  Drone  
  18  1:30  Drone  
  19  1:42  Overlord  
  19  2:01  Metabolic Boost, Queen  
  19  2:03  Zergling x4  
  19  2:04  Queen  
  25  2:08  Drone  
  26  2:17  Drone x2  
  28  2:25  Baneling Nest  
  28  2:28  Drone x2  
  29  2:45  Drone  
  29  2:46  Drone  
  31  2:57  Queen  
  34  2:59  Queen  
  34  3:00  Overlord  
  36  3:19  Drone x8  
  44  3:33  Hatchery  
  42  3:47  Drone  
  43  3:52  Overlord  
  43  3:58  Evolution Chamber  
  43  3:59  Evolution Chamber  
  41  4:03  Drone x2  
  43  4:12  Zergling x16  
  51  4:21  Overlord  
  51  4:22  Spore Crawler  
  50  4:24  Spore Crawler  
  50  4:25  Spine Crawler  
  50  4:27  Overlord  
  48  4:34  Zergling x2  
  48  4:35  Zergling x8  
  52  4:40  Zerg Ground Armor Level 1  
  52  4:42  Zergling x2  
  53  4:46  Zergling x4  
  53  4:47  Zergling x2  
  53  4:52  Zergling x8  
  60  4:55  Zergling x4  
  60  4:57  Zergling x2  
  62  5:05  Roach Warren  
  62  5:06  Zerg Missile Weapons Level 1  
  59  5:07  Drone x3  
  58  5:14  Drone x2  
  58  5:24  Drone x2  
  58  5:43  Overlord  
  58  5:49  Roach x7  
  72  5:50  Overlord x2  
  72  5:53  Lair  
  72  5:54  Extractor  
  72  5:55  Extractor  
  70  5:58  Roach  
  71  6:06  Roach x2  
  71  6:07  Roach  
  70  6:15  Roach  
  70  6:17  Zergling x2  
  70  6:18  Zergling x10  
  75  6:31  Roach x3  
  79  6:37  Zergling x10  
  84  6:50  Glial Reconstitution  
  78  6:56  Roach x4  
  78  6:58  Roach  
  88  7:01  Roach  
  88  7:02  Zergling x4  
  89  7:08  Zergling x6  
  91  7:19  Roach x3  
  91  7:21  Zergling x2  
  91  7:22  Zergling x2  
  85  7:24  Drone  
  85  7:28  Drone  
  80  7:31  Zergling x4  
  80  7:32  Ravager  
  80  7:33  Ravager  
  80  7:36  Roach  
  86  7:41  Overlord  
  86  7:43  Zergling x2  
  85  7:53  Roach x3  
  83  7:59  Zergling x6  
  83  8:00  Zergling x2  
  83  8:02  Zergling x2  
  79  8:05  Zergling x2  
  79  8:06  Zergling x2  
  79  8:11  Zergling x4  
  79  8:12  Zergling x2  
  82  8:13  Zergling x2  
  81  8:21  Zergling x6  
  81  8:23  Ravager  
  81  8:24  Ravager  
  81  8:25  Zergling x4  
  86  8:28  Zergling x2  
  84  8:42  Ravager x3  
Show
View Real Time Build Order
Export as new Build Order

Railgan Terran 

Build Orders: Command Center First (CC) 

Get SALT Encoding   

  12  0:01  SCV  
  13  0:13  SCV  
  14  0:18  Supply Depot  
  14  0:25  SCV  
  15  0:40  SCV  
  16  0:52  SCV  
  17  1:02  Command Center  
  17  1:06  SCV  
  18  1:16  Barracks  
  18  1:22  Refinery  
  18  1:23  SCV  
  19  1:31  Refinery  
  19  1:35  SCV  
  20  1:47  SCV  
  21  1:59  SCV  
  22  2:04  Reaper  
  23  2:12  Orbital Command  
  23  2:13  Orbital Command  
  23  2:22  Factory  
  23  2:39  SCV  
  23  2:40  SCV  
  25  2:46  Barracks Reactor  
  25  2:51  Factory, SCV  
  26  2:52  SCV  
  27  3:03  SCV  
  27  3:04  SCV  
  29  3:06  Supply Depot  
  29  3:07  Hellion  
  31  3:15  SCV  
  31  3:16  SCV  
  33  3:27  SCV  
  33  3:31  SCV  
  33  3:33  Barracks Reactor  
  35  3:36  Command Center  
  35  3:39  SCV  
  36  3:43  SCV  
  36  3:48  Hellion x2  
  41  3:49  Cyclone  
  41  3:51  SCV  
  45  3:55  SCV  
  45  3:59  Bunker  
  46  4:06  SCV  
  46  4:14  Supply Depot  
  46  4:15  Supply Depot  
  46  4:18  Supply Depot  
  46  4:25  Factory, Refinery, Barracks Tech Lab  
  46  4:28  Refinery  
  46  4:36  Cyclone, SCV x2  
  51  4:43  Cyclone  
  51  4:45  Hellion  
  56  4:48  SCV x2  
  58  4:58  Hellion  
  57  5:00  SCV  
  57  5:01  SCV  
  57  5:02  SCV  
  57  5:06  Hellion  
  53  5:09  Hellion  
  53  5:12  SCV  
  53  5:13  SCV  
  55  5:17  Cyclone  
  59  5:29  Orbital Command  
  59  5:32  Cyclone  
  59  5:34  SCV  
  62  5:36  SCV  
  62  5:42  Armory  
  63  5:49  Widow Mine  
  65  5:51  SCV x2  
  67  6:01  Cyclone  
  70  6:04  SCV x3  
  66  6:23  SCV x3  
  66  6:31  Terran Vehicle Weapons Level 1  
  66  6:34  Hellion x3  
  66  6:35  Hellion x2, SCV x2  
  66  6:39  Engineering Bay  
  79  6:41  Orbital Command  
  79  6:44  Command Center  
  78  6:51  Factory  
  78  6:52  Factory  
  70  6:55  Hellion  
  70  6:56  Cyclone  
  70  6:57  Cyclone  
  70  7:00  SCV x2  
  79  7:07  Cyclone  
  79  7:12  SCV x2  
  76  7:16  SCV  
  66  7:23  Cyclone  
  66  7:24  SCV x2  
  66  7:28  SCV  
  68  7:31  Cyclone  
  68  7:36  SCV  
  72  7:38  SCV  
  72  7:40  SCV  
  74  7:48  SCV  
  74  7:50  Factory Tech Lab x2, SCV  
  76  7:53  SCV  
  76  7:55  Hellion x2  
  70  8:00  SCV  
  70  8:01  Cyclone  
  70  8:05  Hellion x2  
  60  8:13  Hellion x2  
Tags
 
Add a new tag
Caveats
  • Supply blocks, unpowered buildings, or Contaminate may cause inaccurate times.
  • Supply counts are checked every 10 seconds.